 Dungeon Sprint DCSS version 0.20-a0-317-gc038824 (webtiles) character file.

56 Deathtrap2010 the Summoner (level 3, -5/20 HPs)
             Began as a Tengu Summoner on Dec 20, 2016.
             Slain by Sigmund
             ... wielding a +0 scythe
              (9 damage)
             ... in the Dungeon (Sprint I: "Red Sonja").
             The game lasted 00:05:18 (95 turns).

Deathtrap2010 the Summoner (Tengu Summoner)           Turns: 95, Time: 00:05:19

Health: -5/20      AC:  2    Str:  8    XL:     3   Next: 95%
Magic:  1/8        EV: 13    Int: 16    God:
Gold:   27         SH:  0    Dex: 14    Spells: 2/8 levels left

rFire  . . .     SeeInvis .     (no weapon)
rCold  . . .     Gourm    .     a - +0 robe
rNeg   . . .     Faith    .     (no shield)
rPois  .         Spirit   .     (helmet restricted)
rElec  .         Reflect  .     (no cloak)
rCorr  .         Harm     .     (no gloves)
MR     .....     NoTele   +     (boots unavailable)
Stlth  ++........               (no amulet)
                                (no ring)
                                (no ring)

@: very slightly contaminated
A: beak, talons 3
a: no special abilities


You were in the Dungeon.
You were not hungry.

You visited 1 branch You collected 27 gold pieces.

Inventory:

Hand Weapons
 k - a +0 dagger
Armour
 a - a +0 robe (worn)
Scrolls
 i - a scroll of blinking
Potions
 d - a potion of curing
 f - a potion of haste
 h - a potion of berserk rage
 j - a potion of brilliance {unknown}
Books
 b - a book of Callings

   Spells                             Type                      Level
   a - Summon Small Mammal            Summoning                    1
   b - Call Imp                       Summoning                    2
   c - Call Canine Familiar           Summoning                    3
   d - Summon Guardian Golem          Hexes/Summoning              3
   e - Summon Lightning Spire         Summoning/Air                4
   f - Summon Ice Beast               Ice/Summoning                4
Comestibles
 c - a bread ration


   Skills:
 * Level 1.6 Fighting
 * Level 1.6 Short Blades
 * Level 1.3 Armour
 + Level 3.1 Dodging
 + Level 2.7 Stealth
 + Level 3.0 Spellcasting
 + Level 8.1 Summonings


You had 2 spell levels left.
You knew the following spells:

 Your Spells              Type           Power        Failure   Level  Hunger
a - Summon Small Mammal   Summ           ####         1%          1    #......
b - Summon Guardian Gole  Hex/Summ       ###.....     12%         3    ###....
c - Call Imp              Summ           ####....     1%          2    ##.....


Dungeon Overview and Level Annotations

Branches:
Dungeon (1/1)

Altars:

Annotations:
D Sigmund


Innate Abilities, Weirdness & Mutations

You have a beak for a mouth.
You have claws for feet.


Message History

A guardian golem appears, shielding your allies.
Something hits you but does no damage.
Casting: Summon Guardian Golem
Confirm with . or Enter, or press ? or * to list all spells.
A guardian golem appears, shielding your allies.
Your guardian golem disappears in a puff of smoke!
Casting: Summon Guardian Golem
Confirm with . or Enter, or press ? or * to list all spells.
A beastly little devil appears in a puff of frigid air.
Something hits you. Something completely misses you.
You see here 27 gold pieces.
You swap places.
You swap places.
Something hits you!
There is an open door here.
Something barely misses you. Something hits you.
* * * LOW HITPOINT WARNING * * *
Something hits you!
You die...

#############
#<.#..'.@#..+
#..').#58{..#
#..#####'####
#..# #$.#
#..# ####
#..# #⌠⌠#
####


You could see a friendly guardian golem and a friendly white imp.

Vanquished Creatures
  Ijyb (D)
1 creature vanquished.

Vanquished Creatures (collateral kills)
  An ogre (D)
1 creature vanquished.

Grand Total: 2 creatures vanquished

Notes
Turn   | Place    | Note
-------+----------+-------------------------------------------
     0 | D        | Deathtrap2010 the Tengu Summoner began the quest for the Orb.
     0 | D        | Reached XP level 1. HP: 10/10 MP: 4/4
     4 | D        | Noticed Ijyb
    24 | D        | Killed Ijyb
    24 | D        | Reached skill level 6 in Summonings
    24 | D        | Reached XP level 2. HP: 14/15 MP: 1/6
    34 | D        | Noticed an ogre
    45 | D        | Killed an ogre
    45 | D        | Reached skill level 1 in Fighting
    45 | D        | Reached skill level 1 in Short Blades
    45 | D        | Reached skill level 1 in Armour
    45 | D        | Reached skill level 8 in Summonings
    45 | D        | Reached XP level 3. HP: 20/20 MP: 4/8
    54 | D        | Learned a level 3 spell: Summon Guardian Golem
    57 | D        | Learned a level 2 spell: Call Imp
    63 | D        | Noticed Sigmund
    95 | D        | Slain by Sigmund

Vault maps used:
D:        dungeon_sprint_1

Skill      XL: |  1  2 |
---------------+-------+-----
Summonings     | 6 8 |  8.1
Fighting       | 1 |  1.6
Short Blades   | 1 |  1.6
Armour         | 1 |  1.3
Dodging        | 3 |  3.1
Spellcasting   | 3 |  3.0
Stealth        | |  2.7

Action                   || total
-------------------------++-------
Melee: Unarmed           ||     6
       Kick              ||     1
 Cast: Summon Small Mamm ||     9
       Summon Guardian G ||     3
       Call Imp          ||     1
  Use: Potion            ||     3
 Stab: Sleeping          ||     1
Armor: Robe              ||     2
Dodge: Dodged            ||     5
